AoeStats
← Reis

Arena

506826381Analyzed
4v4 RM · 18d ago on Sep 15, 2026· 25m 16s· 8 players
Game mode
Random Map
Map size
Large (8 player)
Population
200
Speed
Normal
Resources
Standard
Victory
Conquest
Starting age
Dark Age
Ending age
Imperial Age
RankedLock teamsTeams togetherTeam positionsShared explorationLock speedFull tech treeHidden civsTurbo modeCheats
Victory
Defeat
🇹🇭 Japanese · Thailand
1323
+15
🇧🇪 Huns · Belgium
1310
+15
🇨🇭 Bulgarians · Switzerland
1310
+15
🇫🇷 Tatars · France
1306
+15
🇨🇳 Ethiopians · China
1443
-21
🇳🇱 Bulgarians · Netherlands
1293
-15
🇹🇷 Dravidians · Türkiye
1238
-13
🇮🇳 Poles · India
1194
-11
yalaric
8:57 Loom
11:08 Feudal Age
12:07 Horse Collar
15:14 Castle Age
19:01 Double-Bit Axe
19:25 Heavy Plow
20:13 Bow Saw
23:29 Wheelbarrow
Reis
10:12 Feudal Age
14:23 Castle Age
14:18 Scale Barding Armor
19:35 Fletching
22:16 Bodkin Arrow
23:40 Loom
23:54 Loom
24:02 Loom
jelle.neyt
10:10 Feudal Age
14:34 Castle Age
12:41 Double-Bit Axe
12:48 Horse Collar
14:21 Gold Mining
17:04 Bow Saw
18:56 Loom
20:23 Wheelbarrow
22:09 Heavy Plow
27:18 Imperial Age
24:46 Stone Mining
25:23 Scale Barding Armor
25:13 Town Watch
kirtokhan123
10:35 Feudal Age
11:56 Double-Bit Axe
12:27 Loom
14:57 Castle Age
19:13 Horse Collar
GAF
11:12 Feudal Age
12:16 Double-Bit Axe
15:00 Castle Age
15:52 Wheelbarrow
15:58 Bow Saw
15:29 Horse Collar
21:18 Gold Mining
21:19 Stone Mining
22:51 Hand Cart
28:06 Imperial Age
Boar to Death
10:46 Feudal Age
12:11 Town Watch
14:31 Castle Age
12:18 Loom
13:09 Double-Bit Axe
15:47 Fletching
17:08 Bodkin Arrow
MA
11:28 Feudal Age
13:27 Double-Bit Axe
13:23 Horse Collar
16:12 Castle Age
17:15 Bow Saw
18:47 Town Watch
19:42 Town Watch
23:56 Loom
24:49 Wheelbarrow
只会种田
9:35 Feudal Age
13:26 Castle Age
11:44 Double-Bit Axe
15:12 Horse Collar
16:13 Loom
Connection lost

Rejoining the realm…

Still unreachable

The connection could not be restored.

Session expired

The server has moved on; the page needs a fresh start.